 Dungeon Crawl Stone Soup version 0.31-a0-1009-g454b1f1e0a (webtiles) character file.

Game seed: 16463109046358037427

273 kae the Vexing (level 6, -5/35 (41) HPs)
             Began as a Demonspawn Enchanter on Nov 14, 2023.
             Slain by a wight
             ... wielding a +5 spear
              (9 damage)
             ... on level 4 of the Dungeon.
             The game lasted 00:01:50 (2988 turns).

kae the Vexing (Demonspawn Enchanter)               Turns: 2988, Time: 00:01:51

HP:   -5/35 (41)    AC:  3    Str: 10    XL:     6   Next: 3%
MP:   8/10          EV: 12    Int: 21    God:
Gold: 146           SH:  0    Dex: 13    Spells: 5/10 levels left

rFire   . . .        a - +2 dagger
rCold   . . .        (no shield)
rNeg    . . .        b - +1 robe
rPois   .            (no helmet)
rElec   .            (no cloak)
rCorr   .            (no gloves)
SInv    .            (no boots)
Will    .....        (no amulet)
Stlth   ++           (no ring)
HPRegen 0.25/turn    (no ring)
MPRegen 0.12/turn

%: no passive effects
@: heavily drained
A: foul stench 1, spiny 1, big brain 2
a: no special abilities


You were on level 4 of the Dungeon.
You visited 1 branch of the dungeon, and saw 4 of its levels.

You collected 146 gold pieces.


Innate Abilities, Weirdness & Mutations

You may rarely emit foul miasma when damaged in melee.
You are partially covered in sharp spines.
You have an extremely huge brain. (Int +4)


   Skills:
 * Level 3.0 Short Blades
 - Level 1.7 Dodging
 + Level 3.5 Stealth
 + Level 2.9 Spellcasting
 + Level 3.8 Hexes
 * Level 2.3 Ice Magic


You had 5 spell levels left.
You knew the following spells:

 Your Spells              Type           Power      Damage    Failure   Level
a - Ensorcelled Hibernat  Hex/Ice        32%        N/A       6%          2
b - Confusing Touch       Hex            19%        N/A       9%          3

Your spell library contained the following spells:

 Spells                   Type           Power      Damage    Failure   Level
 Tukima's Dance           Hex            19%        N/A       9%          3
 Dazzling Flash           Conj/Hex       22%        N/A       19%         3
 Olgreb's Toxic Radiance  Pois           3%         N/A       80%         4
 Discord                  Hex            9%         N/A       100%        8
 Ignition                 Fire           1%         3d3       100%        8

Inventory:

Hand Weapons
 a - a +2 dagger (weapon)
Missiles
 k - 42 stones
Armour
 b - a +1 robe (worn)
Scrolls
 e - a scroll of revelation
 j - a scroll of teleportation {@r4}
Potions
 c - 2 potions of invisibility
 d - 2 potions of curing {@q1}
 f - 3 potions of mutation {unknown}
 h - 2 potions of haste {unknown}
 l - a potion of attraction {unknown}
 n - a potion of degeneration {unknown}

Dungeon Overview and Level Annotations

Branches:
Dungeon (4/15) Zot: 21016  Temple (0/1) D:4

Altars:
Hepliaklqana
Kikubaaqudgha
Okawaru
Sif Muna
Trog
Uskayaw
Yredelemnul

Shops:
D:4

[
##########.........
#....#.....####....
#......##### #.##.
#....### #.###
#....# #.# #....#
#.#* ##.###
#####..## #.#
######..# #@#
#######.# #z#
#######.# #.#
#######.. #.##
########. #.)#
****######### ##.#
*,,,....#.... #.#
*,,,....#.... #.#
*,,,....#.... #.#
*,,,....#....


You could see a wight.


Message History

MASSIVE DAMAGE!! (PAUSE)
You barely miss the wight. The wight misses you.
You hit the wight.
You destroy the wight!
Your life force feels restored.
Your Short Blades skill increases to level 3!
You have reached level 6!
Your demonic ancestry asserts itself...
Your brain expands. 😮 HP[+5]
You now have 41 max hp (+8).
You regained 5 hp, and now have 29/41 hp.
Things that are here:
a +1 battleaxe of freezing; a +0 leather armour You start resting. 😮 HP[+1] MP[+1]
You start resting.
A wight comes into view. It is wielding a +2 trident. 😕 HP[+2]
You regained 2 hp, and now have 32/41 hp. 😕 MP[+1]
You start resting. 😕 HP[+2]
You regained 2 hp, and now have 34/41 hp. 😕 MP[+1]
Your mp is fully restored (10).
You start resting. 😎 HP[+7]
Your hp is fully restored (41).
What are your orders? t - Shout!
Orders for allies: a - Attack new target. r - Retreat! s - Stop attacking. g - Guard the area. f - Follow me.
Anything else - Cancel.
You shout for attention!
You start waiting.
A wight comes into view. It is wielding a +5 spear.
Unknown command.
Casting: Confusing Touch (dangerous; 9% risk of failure)
Confirm with . or Enter, or press ? or * to list all spells.
Your hands begin to glow red. 😎 MP[-3]
You lost 3 mp, and now have 7/10 mp.
A wight is nearby!
The wight hits you with a +5 spear.
You feel drained. 😕 HP[-5]
You now have 40 max hp (-1).
You take 5 damage, and now have 36/40 hp.
You barely miss the wight.
The wight hits you with a +5 spear. 😮 HP[-6]
You take 6 damage, and now have 30/40 hp.
You hit the wight but do no damage. The wight is struck by your spines.
The wight hits you with a +5 spear.
You feel drained. 😮 HP[-4]
You now have 39 max hp (-1).
You take 4 damage, and now have 26/39 hp.
You hit the wight but do no damage. The wight completely misses you.
You are too injured to fight recklessly!
You are too injured to fight recklessly!
You hit the wight but do no damage.
The wight appears confused.
You are too injured to fight recklessly!
You are too injured to fight recklessly!
You hit the wight but do no damage. The wight hits you with a +5 spear.
You feel drained. 😮 HP[-2] MP[+1]
You now have 38 max hp (-1).
You take 2 damage, and now have 24/38 hp.
You hit the wight.
Unknown command.
You hit the wight. The wight hits you with a +5 spear!
* * * LOW HITPOINT WARNING * * *
You feel drained.
* * * LOW HITPOINT WARNING * * *
You hit the wight but do no damage. 😨 HP[-12]
You now have 37 max hp (-1).
You take 12 damage, and now have 12/37 hp.
MASSIVE DAMAGE!! (PAUSE)
The wight hits you with a +5 spear.
* * * LOW HITPOINT WARNING * * *
You feel drained.
* * * LOW HITPOINT WARNING * * *
😱 HP[-6]
You now have 35 max hp (-2).
You take 6 damage, and now have 6/35 hp.
You hit the wight but do no damage.
Unknown command. 😱 HP[+1]
You hit the wight but do no damage.
The wight seems less confused.
Unknown command.
You hit the wight but do no damage. The wight hits you with a +5 spear.
* * * LOW HITPOINT WARNING * * *
😱 HP[-3]
You take 3 damage, and now have 4/35 hp.
Unknown command.
You hit the wight but do no damage. The wight hits you with a +5 spear!
You die...

Skill      XL: |  1  2  3  4  5 |
---------------+----------------+-----
Short Blades   | 1 2 3 |  3.0
Stealth        | 3 |  3.5
Ice Magic      | 1 2 |  2.3
Dodging        | |  1.7
Spellcasting   | |  2.9
Hexes          | |  3.8

Action                     |  1- 3 |  4- 6 || total
---------------------------+-------+-------++-------
  Melee: Dagger            |    86 |    41 ||   127
         Punch             |     2 |       ||     2
   Cast: Ensorcelled Hiber |     3 |     3 ||     6
         Confusing Touch   |       |     3 ||     3
    Use: Scroll            |       |     9 ||     9
   Stab: Sleeping          |     7 |     6 ||    13
 Armour: Robe              |    41 |    15 ||    56
  Dodge: Dodged            |    45 |     8 ||    53

Levels and vault maps discovered:
D:1:      tarquinn_simple_flora_water_a, layout_basic,
          hangedman_decor_peaks_small, hangedman_decor_lopped,
          interstate_on_off, minmay_tetromino_i2
D:2:      layout_basic, shapermc_ecumenical_altar_hornbeckon,
          dreamdust_princess_bridge, minmay_shallow_snake_nest
D:3:      layout_basic
D:4:      layout_rooms, grunt_temple_overflow_open, minmay_temple_entry_fiery,
          serial_shops, nicolae_shop_mannequins, uniq_menkaure

Notes
Turn   | Place    | Note
-------+----------+-------------------------------------------
     0 | D:1      | kae the Demonspawn Enchanter began the quest for the Orb.
     0 | D:1      | Reached XP level 1. HP: 13/13 MP: 3/3
     0 | D:1      | magus.rc [v1.11.3]
    88 | D:1      | Reached skill level 1 in Short Blades
   365 | D:1      | Gained mutation: You are partially covered in sharp spines.
                  | [demonic ancestry]
   365 | D:1      | Reached XP level 2. HP: 19/19 MP: 5/5
   369 | D:1      | Learned a level 2 spell: Ensorcelled Hibernation
  1060 | D:2      | Found a faded altar of an unknown god.
  1112 | D:2      | Reached skill level 3 in Stealth
  1112 | D:2      | Reached XP level 3. HP: 24/24 MP: 6/6
  1358 | D:2      | Reached skill level 1 in Ice Magic
  1830 | D:3      | Reached skill level 2 in Short Blades
  1855 | D:3      | Gained mutation: You may rarely emit foul miasma when
                  | damaged in melee. [demonic ancestry]
  1855 | D:3      | Reached XP level 4. HP: 17/30 MP: 0/7
  2021 | D:3      | You add the spells Olgreb's Toxic Radiance, Ignition and
                  | Discord to your library.
  2590 | D:3      | Learned a level 3 spell: Confusing Touch
  2653 | D:4      | Found a basalt altar of Yredelemnul.
  2653 | D:4      | Found a shimmering blue altar of Sif Muna.
  2653 | D:4      | Found an iron altar of Okawaru.
  2653 | D:4      | Found an ancient bone altar of Kikubaaqudgha.
  2653 | D:4      | Found a hide-covered altar of Uskayaw.
  2653 | D:4      | Found a hazy altar of Hepliaklqana.
  2653 | D:4      | Found a bloodstained altar of Trog.
  2656 | D:4      | HP: 5/30 [iguana (4)]
  2733 | D:4      | Noticed Menkaure
  2749 | D:4      | Killed Menkaure
  2750 | D:4      | Reached skill level 2 in Ice Magic
  2750 | D:4      | Gained mutation: You have an unusually large brain. (Int
                  | +2) [demonic ancestry]
  2750 | D:4      | Reached XP level 5. HP: 16/35 MP: 4/9
  2879 | D:4      | Identified +0 pearl dragon scales
  2879 | D:4      | Noticed an animated pearl dragon scales
  2881 | D:4      | Found Nonaiczu's Armour Shop.
  2882 | D:4      | Noticed an animated storm dragon scales
  2911 | D:4      | Reached skill level 3 in Short Blades
  2911 | D:4      | Gained mutation: You have an extremely huge brain. (Int +4)
                  | [demonic ancestry]
  2911 | D:4      | Reached XP level 6. HP: 29/41 MP: 7/10
  2983 | D:4      | HP: 7/37 [wight/+5 spear (5)]
  2988 | D:4      | Slain by a wight

Vanquished Creatures
  Menkaure (D:4)
  A wight (D:4)
  An iguana (D:4)
  2 adders (D:2)
  A dart slug (D:2)
  An orc (D:3)
  12 ball pythons
  5 endoplasms
  8 goblins
  4 hobgoblins
  4 jackals (D:1)
  2 kobolds
  3 quokkas
  2 bats (D:3)
  3 frilled lizards
  6 rats
56 creatures vanquished.

Table legend:
 A = Non-vault XP
 B = Vault XP
 C = Vault XP percentage of total XP
 D = Non-vault monster count
 E = Vault monster count
 F = Vault count percentage of total count
                 A         B        C        D         E       F
            +---------+---------+-------+---------+---------+-------
      Total |     205 |     186 |  47.6 |      49 |       7 |  12.5
            +---------+---------+-------+---------+---------+-------
        D:1 |      27 |       0 |   0.0 |      16 |       0 |   0.0
        D:2 |      41 |      21 |  33.9 |      16 |       6 |  27.3
        D:3 |      21 |       0 |   0.0 |      13 |       0 |   0.0
        D:4 |     116 |     165 |  58.7 |       4 |       1 |  20.0
            +---------+---------+-------+---------+---------+-------

Skill      XL: |  1  2  3  4  5 |
---------------+----------------+-----
Short Blades   | 1 2 3 |  3.0
Stealth        | 3 |  3.5
Ice Magic      | 1 2 |  2.3
Dodging        | |  1.7
Spellcasting   | |  2.9
Hexes          | |  3.8

Action                     |  1- 3 |  4- 6 || total
---------------------------+-------+-------++-------
  Melee: Dagger            |    86 |    41 ||   127
         Punch             |     2 |       ||     2
   Cast: Ensorcelled Hiber |     3 |     3 ||     6
         Confusing Touch   |       |     3 ||     3
    Use: Scroll            |       |     9 ||     9
   Stab: Sleeping          |     7 |     6 ||    13
 Armour: Robe              |    41 |    15 ||    56
  Dodge: Dodged            |    45 |     8 ||    53

Illustrated notes

Table legend:
 A = Kills in this place as a percentage of kills in the entire game.
 B = Kills by you in this place as a percentage of kills by you in the entire game.
 C = Kills by friends in this place as a percentage of kills by friends in the entire game.
 D = Other kills in this place as a percentage of other kills in the entire game.
 E = Experience gained in this place as a percentage of experience gained in the entire game.
 F = Experience gained in this place divided by the number of levels of this place that you have seen.
                   A       B       C       D       E      F
               +-------+-------+-------+-------+-------+----------------------
         Total | 100.0 | 100.0 |   N/A | 100.0 | 100.0 |  97.8
       Dungeon | 100.0 | 100.0 |   N/A | 100.0 | 100.0 |  97.8
               +-------+-------+-------+-------+-------+----------------------

Table legend: (Time is in decaauts)
 A = Elapsed time spent in this place.
 B = Non-inter-level travel time spent in this place.
 C = Inter-level travel time spent in this place.
 D = Time resting spent in this place.
 E = Time spent auto-exploring this place.
 F = Levels seen in this place.
 G = Mean time per level.
                   A        B        C        D        E       F      G
               +--------+--------+--------+--------+--------+-----+--------+
         Total |   2982 |   2916 |     66 |     77 |   2432 |   4 |  745.5 |
       Dungeon |   2982 |   2916 |     66 |     77 |   2432 |   4 |  745.5 |
               +--------+--------+--------+--------+--------+-----+--------+

Top non-repeatable levels by time:
     D:2: 1027 daAuts
     D:3: 804 daAuts
     D:1: 774 daAuts
     D:4: 376 daAuts
